cohdb
Replays
Latest Replays
All Replays
Popular Replays
Top Player Replays
Match Explorer
How It Works
Community
CoH3 Stats
Reddit
Sign in to upload your games and track your stats! →
Sign in with Steam
Match 45840137
Unlisted
Match 45840137
Overview
Messages
Build Orders
End
Construct Infanterie Kompanie
MG 42 Machine Gun Team
MG 42 Machine Gun Team
Grenadier Squad
GrW 34 Mortar Team
Grenadier Squad
Medical Bunker
Construct Luftwaffe Kompanie
Jäger Squad
221 Scout Car
Jäger Squad
Construct Panzer Kompanie
Panzer IV Medium Tank
Selects Terror Battlegroup
Selects Terror Battlegroup
Stoßtruppen Squad
Selects Machine Gun Camouflage
Selects Heavy Gunnery
Selects No Quarter
Repair Bunker
ΛLEXET
Raz el Hanout
Bran
DrewP
0
0
Comments
sign in to comment!
No comments posted yet!